 Dungeon Crawl Stone Soup version 0.28.0-47-ge53b351184 (webtiles) character file.

Game seed: 1692392262469600589

74 boopmooplesden the Chopper (level 4, 0/61 HPs)
             Began as a Minotaur Berserker on May 1, 2022.
             Was a Believer of Trog.
             Slain by a gnoll shaman
             ... wielding a +0 club
              (4 damage)
             ... on level 3 of the Dungeon.
             The game lasted 00:01:42 (2274 turns).

boopmooplesden the Chopper (Minotaur Berserker)     Turns: 2274, Time: 00:01:42

Health: 0/61       AC:  2    Str: 22    XL:     4   Next: 10%
Magic:  3/3        EV: 12    Int:  4    God:    Trog [**....]
Gold:   77         SH:  0    Dex: 11    Spells: 3/3 levels left

rFire   . . .      SeeInvis .   a - +0 hand axe
rCold   . . .      Faith    .   (no shield)
rNeg    . . .      Spirit   .   b - +0 animal skin
rPois   .          Reflect  .   (helmet restricted)
rElec   .          Harm     .   (no cloak)
rCorr   .          Rampage  .   (no gloves)
Will    .....                   (no boots)
Stlth   ..........              (no amulet)
HPRegen 0.20/turn               (no ring)
MPRegen 0.08/turn               (no ring)

@: berserking, lit by a corona, glowing, very quick
A: horns 2, retaliatory headbutt
a: Renounce Religion, Berserk, Trog's Hand


You were on level 3 of the Dungeon.
You worshipped Trog.
Trog was pleased with you.
You visited 1 branch of the dungeon, and saw 3 of its levels.

You collected 77 gold pieces.

Inventory:

Hand Weapons
 a - a +0 hand axe (weapon)
Armour
 b - a +0 animal skin (worn)
Jewellery
 f - a ring of magical power
 k - a +4 ring of evasion
Scrolls
 d - a scroll of summoning {unknown}
 e - a scroll of fear {unknown}
 g - a scroll of noise {unknown}
 h - a scroll of acquirement {unknown}
 j - a scroll of immolation {unknown}
 l - a scroll of fog {unknown}
Potions
 c - a potion of flight {unknown}
 i - a potion of lignification {unknown}


   Skills:
 + Level 4.5 Fighting
 + Level 4.9 Axes
 + Level 2.6 Armour
 + Level 2.5 Dodging
 + Level 0.2 Stealth


You had 3 spell levels left.
You didn't know any spells.
Your spell library was empty.

Dungeon Overview and Level Annotations

Branches:
Dungeon (3/15)

Altars:


Innate Abilities, Weirdness & Mutations

You have a pair of horns on your head.
You reflexively headbutt those who attack you in melee.


Message History

You closely miss the quokka. Your headbutt misses the quokka.
The quokka closely misses you. You furiously retaliate!
You headbutt the quokka!
You kill the quokka!
Trog accepts your kill. The gnoll completely misses you.
The jackal stops to sniff the ground.
The gnoll hits you from afar with a +0 spear!
You see here a +0 halberd.
You barely miss the gnoll. You closely miss the gnoll shaman.
The gnoll hits you from afar with a +0 spear.
The gnoll closely misses you. The gnoll misses you.
You slash the gnoll!
The gnoll is almost dead.
You slash the jackal!
You kill the jackal!
Trog accepts your kill.
You slash the gnoll shaman!
The gnoll hits you from afar with a +0 spear!
The gnoll hits you with a +0 spear!
* * * LOW HITPOINT WARNING * * *
The gnoll shaman calls down the wrath of its god upon you.
You are outlined in light.
The gnoll hits you from afar with a +0 spear.
* * * LOW HITPOINT WARNING * * *
You hit the gnoll shaman.
The gnoll shaman is severely wounded.
You closely miss the gnoll. You slash the jackal!
You feel the power of Trog in you as your rage grows.
You kill the jackal!
Trog accepts your kill. The gnoll hits you with a +0 spear.
* * * LOW HITPOINT WARNING * * *
The gnoll hits you from afar with a +0 spear.
* * * LOW HITPOINT WARNING * * *
You hit the gnoll shaman.
The gnoll shaman is almost dead.
You barely miss the gnoll.
The gnoll shaman hits you with a +0 club.
You die...

##.##.......
#...#.......
#...#.......
#...#..h....
#... .......
#.. .......
##+#.###...)...
#..gg@†h.......
#..gg####......
#...g# .....
#....# ####
#....# #....#
#....# #....#


You could see a gnoll shaman, 4 gnolls and a jackal.

Vanquished Creatures
  A gnoll (D:3)
  2 adders (D:2)
  A worm (D:2)
  A ball python (D:1)
  4 bats
  7 endoplasms
  A giant cockroach (D:1)
  2 goblins (D:2)
  4 hobgoblins
  2 jackals (D:3)
  6 quokkas
  6 kobolds
  2 rats
39 creatures vanquished.

Notes
Turn   | Place    | Note
-------+----------+-------------------------------------------
     0 | D:1      | boopmooplesden the Minotaur Berserker began the quest for
                  | the Orb.
     0 | D:1      | Reached XP level 1. HP: 19/19 MP: 0/0
   257 | D:1      | Reached XP level 2. HP: 20/27 MP: 1/1
  1039 | D:2      | Found a faded altar of an unknown god.
  1209 | D:2      | Reached XP level 3. HP: 27/33 MP: 2/2
  1343 | D:2      | Reached ** piety under Trog
  2269 | D:3      | Reached XP level 4. HP: 41/41 MP: 3/3
  2273 | D:3      | HP: 3/61 [gnoll/+0 spear (5)]
  2274 | D:3      | Slain by a gnoll shaman

Illustrated notes

Levels and vault maps discovered:
D:1:      sevenhm_arrival_forest_fort_large_2, layout_rooms
D:2:      layout_loops_ring, chequers_ecumenical_altar_island
D:3:      layout_basic, st_stairs_9, kennysheep_big_empty_room

Skill      XL: |  1  2 |
---------------+-------+-----
Axes           | 4 |  4.9
Fighting       | 4 |  4.5
Armour         | |  2.6
Dodging        | |  2.5
Stealth        | |  0.2

Action                   |  1- 3 |  4- 6 || total
-------------------------+-------+-------++-------
Melee: Hand axe          |    70 |     5 ||    75
       Headbutt          |    13 |       ||    13
Invok: Berserk           |     2 |       ||     2
Armor: Animal skin       |    11 |       ||    11
Dodge: Dodged            |    39 |     4 ||    43
